 Dungeon Crawl Stone Soup version 0.30-a0-937-ga0a21ad780 (console) character file.

Game seed: 9333473383972681186

32788 jejorda2 the Impaler (level 13, -9/107 HPs)
             Began as a Merfolk Berserker on Mar 24, 2023.
             Was a High Priest of Trog.
             Mangled by a cane toad (17 damage)
             ... on level 5 of the Lair of Beasts.
             The game lasted 00:34:56 (15050 turns).

jejorda2 the Impaler (Merfolk Berserker)           Turns: 15050, Time: 00:34:57

Health: -9/107     AC: 24    Str: 22    XL:     13   Next: 66%
Magic:  13/13      EV:  8    Int:  7    God:    Trog [*****.]
Gold:   562        SH:  0    Dex: 13    Spells: 12/12 levels left

rFire   . . .      SeeInvis .    a - +2 glaive
rCold   . . .      Faith    .    (shield currently unavailable)
rNeg    . . .      Spirit   .    I - +0 plate armour
rPois   +          Reflect  .    s - +0 helmet
rElec   .          Rampage  .    x - +2 cloak
rCorr   .                        y - +1 pair of gloves
Will    .....                    z - +0 pair of boots Stlth
                                 (no amulet)
HPRegen 0.37/turn                E - ring of poison resistance
MPRegen 0.13/turn                T - +4 ring of protection

@: on berserk cooldown, slowed, very slow
A: (nimble swimmer 2), mertail
a: Renounce Religion, Berserk, Trog's Hand, Brothers in Arms


You were on level 5 of the Lair of Beasts.
You worshipped Trog.
Trog was extremely pleased with you.
You visited 3 branches of the dungeon, and saw 16 of its levels.

You collected 982 gold pieces.
You spent 420 gold pieces at shops.

Inventory:

Hand Weapons
 a - a +2 glaive (weapon)
 b - a +0 trident
Missiles
 c - 7 javelins
 g - 4 throwing nets
 k - 42 poisoned darts
 q - 82 stones (quivered)
 w - 8 boomerangs
 H - a curare-tipped dart
Armour
 s - a +0 helmet (worn)
 x - a +2 cloak (worn)
 y - a +1 pair of gloves (worn)
 z - a +0 pair of boots (worn)
 I - a +0 plate armour (worn)
 O - a +0 chain mail of cold resistance
Jewellery
 i - a ring of ice
 D - a ring of fire
 E - a ring of poison resistance (left hand)
 Q - a ring of fire
 T - a +4 ring of protection (right hand)
Wands
 h - a wand of polymorph (2)
 p - a wand of mindburst (4)
 u - a wand of paralysis (17)
 v - a wand of iceblast (13)
 K - a wand of flame (10)
 N - a wand of quicksilver (5)
Scrolls
 d - 10 scrolls of teleportation
 e - a scroll of blinking
 n - 2 scrolls of poison
 r - 2 scrolls of fear
 C - 4 scrolls of immolation
 F - a scroll of magic mapping
 J - a scroll of enchant weapon
 L - 2 scrolls of fog
 M - a scroll of silence
 S - a scroll of summoning
Potions
 f - 4 potions of mutation
 j - 7 potions of curing
 l - 2 potions of lignification
 m - 2 potions of flight
 o - 5 potions of might
 t - 4 potions of haste
 A - a potion of resistance
 B - 4 potions of heal wounds
 P - a potion of cancellation
 R - a potion of ambrosia


   Skills:
 + Level 11.8 Fighting
 - Level 20.0 Polearms
 + Level 9.3 Throwing
 - Level 6.0 Armour
 + Level 4.1 Dodging
 - Level 6.0 Evocations


You had 12 spell levels left.
You didn't know any spells.
Your spell library was empty.

Dungeon Overview and Level Annotations

Branches:
Dungeon (10/15)            Temple (1/1) D:5            Lair (5/5) D:8
  Swamp (0/4) Lair:3        Snake (0/4) Lair:2          Orc (0/2) D:10
  Slime: Lair:4-5

Altars:
Ashenzari
Cheibriados
Dithmenos
Elyvilon
Fedhas
Gozag
Hepliaklqana
Kikubaaqudgha
Makhleb
Nemelex Xobeh
Qazlal
Trog
Uskayaw
Vehumet
Wu Jian
Xom
Yredelemnul
Zin

Shops:
D:3 (   D:5 !   D:8 *   D:10 *

Annotations:
D:8 3 runed translucent doors, Palms's ghost, novice AtFi; cheesebisquit's ghost, novice MiFi; grumposus's ghost, novice GrEE; patfeehan111222's ghost, novice MiBe


Innate Abilities, Weirdness & Mutations

((You are very nimble when in or above water. (Stealth+, EV+, Speed+++)))
Your lower body shifts to a powerful aquatic tail in water.


Message History

The skyshark barely misses you. The skyshark tail-slaps you!
You slice the skyshark!!
The skyshark is moderately wounded.
The skyshark bites you but does no damage.
The skyshark barely misses you. x2; The cane toad stings you!
The skyshark bites you but does no damage.
The skyshark tail-slaps you but does no damage.
The skyshark barely misses you. The cane toad stings you!
The skyshark barely misses you.
The skyshark tail-slaps you but does no damage.
The skyshark barely misses you. The yak gores you.
A blink frog comes into view.
The cane toad stings you but does no damage.
The skyshark bites you but does no damage.
The skyshark tail-slaps you but does no damage.
The skyshark closely misses you. The yak gores you but does no damage.
The cane toad stings you.
* * * LOW HITPOINT WARNING * * *
The skyshark bites you!!
* * * LOW HITPOINT WARNING * * *
The skyshark tail-slaps you but does no damage. x2
The yak gores you.
* * * LOW HITPOINT WARNING * * *
The blink frog moves out of view.
Unknown command.
Unknown command.
Unknown command.
Blink to where?
Press: ? - help, Dir - move target, p - skyshark A komodo dragon, a yak, a blink frog, a four-headed hydra and a polar bear come into view.
As you read the scroll of blinking, it crumbles to dust.
The komodo dragon hisses angrily.
The yak bellows!
The blink frog gives a loud, deep croak! x2
The four-headed hydra roars!
You hear a loud, deep croak!
A blink frog comes into view.
The blink frog blinks!
A blink frog comes into view.
The blink frog moves out of view.
The cane toad attacks as you move away! The cane toad stings you!
You die...

#..#....# #.....# ##
##l§.<.#
.#..########YFY#..##
........[##†##....P#
...##...Y###.........
#.#....#.Y.#?..#.#..##
#.....Y.Y....####.#..
##..@FFY.#... .###
#...P.....F...F... ##
......<...l.Y..#Y.
............DYF. P
..P..............
.............h.
P..#...........
...............


You could see a skyshark (berserk), a four-headed hydra, 2 elephants, a polar
bear, a komodo dragon, 6 yaks, 3 cane toads and 3 blink frogs.

Vanquished Creatures
  4 hydras
  4 death yaks (Lair:3)
  A cyclops (D:10)
  A guardian serpent (Lair:2)
  10 elephants
  Joseph (D:7)
  8 komodo dragons
  Psyche (D:10)
  5 cane toads
  Grinder (D:6)
  2 polar bears (Lair:3)
  17 blink frogs
  4 dream sheep (Lair:3)
  Sigmund (D:6)
  5 wyverns
  Grum (D:9)
  36 yaks
  2 basilisks
  Edmund (D:6)
  3 steam dragons
  5 vampire mosquitoes (Lair:3)
  An acid dragon (D:5)
  Duvessa (D:7)
  18 water moccasins
  A swamp drake (D:10)
  An ice beast (D:7)
  5 orc warriors
  3 black bears
  3 sky beasts
  5 centaurs
  10 wolves
  2 kobold brigands
  7 bullfrogs
  3 scorpions
  3 wights (D:7)
  Dowan (D:7)
  4 killer bees (D:6)
  An electric eel (D:7)
  4 howler monkeys
  3 hounds
  6 orc priests
  4 gnoll boudas
  Jessica (D:3)
  3 sleepcaps
  6 hell rats (Lair:3)
  4 iguanas
  11 orc wizards
  Robin (D:3)
  25 gnolls
  5 adders
  3 white imps
  3 worms (D:2)
  5 dart slugs
  71 orcs
  8 endoplasms
  5 giant cockroaches
  21 goblins
  12 hobgoblins
  13 jackals
  17 kobolds
  3 quokkas
  5 ball pythons
  7 bats
  A frilled lizard (D:3)
  A rat (D:3)
  A spectral goblin (D:4)
431 creatures vanquished.

Vanquished Creatures (collateral kills)
  3 yaks (D:8)
  A water moccasin (D:8)
4 creatures vanquished.

Vanquished Creatures (others)
  An orc priest (D:10)
  A bush (Lair:3)
  10 fungi
  26 plants
38 creatures vanquished.

Grand Total: 473 creatures vanquished

Notes
Turn   | Place    | Note
-------+----------+-------------------------------------------
     0 | D:1      | jejorda2 the Merfolk Berserker began the quest for the Orb.
     0 | D:1      | Reached XP level 1. HP: 18/18 MP: 1/1
   106 | D:1      | Reached XP level 2. HP: 24/24 MP: 2/2
   223 | D:1      | You fall into a shaft and drop 1 floor!
   367 | D:2      | Reached skill level 5 in Polearms
   367 | D:2      | Reached XP level 3. HP: 30/30 MP: 3/3
   771 | D:2      | Reached ** piety under Trog
  1018 | D:3      | Found a faded altar of an unknown god.
  1113 | D:1      | Reached XP level 4. HP: 37/37 MP: 4/4
  1666 | D:3      | Reached skill level 6 in Polearms
  1704 | D:3      | Reached XP level 5. HP: 43/43 MP: 5/5
  2156 | D:3      | Noticed Jessica
  2158 | D:3      | Reached skill level 7 in Polearms
  2174 | D:3      | Killed Jessica
  2240 | D:3      | Noticed Robin
  2261 | D:3      | Reached XP level 6. HP: 33/50 MP: 6/6
  2262 | D:3      | Reached *** piety under Trog
  2268 | D:3      | Killed Robin
  2408 | D:3      | Found Vetzep's Antique Weapon Shop.
  2675 | D:4      | Reached skill level 5 in Fighting
  2694 | D:4      | Reached skill level 8 in Polearms
  2855 | D:4      | Identified the +6 short sword "Gosmaet" {holy, *Rage rC++
                  | rN+ Stlth+}
  3381 | D:4      | Found a hazy altar of Hepliaklqana.
  3484 | D:5      | Entered Level 5 of the Dungeon
  3496 | D:5      | Found a staircase to the Ecumenical Temple.
  3499 | D:5      | Noticed an acid dragon
  3512 | D:5      | Reached XP level 7. HP: 56/56 MP: 7/7
  3530 | Temple   | Entered the Ecumenical Temple
  3639 | D:5      | Reached skill level 9 in Polearms
  3850 | D:5      | Noticed a steam dragon
  3862 | D:5      | HP: 2/57 [steam dragon/ball of steam (10)]
  3866 | D:5      | Killed a steam dragon
  4165 | D:5      | Reached XP level 8. HP: 64/64 MP: 8/8
  4198 | D:5      | Found a blossoming altar of Fedhas.
  4358 | D:5      | Found Ywiboima's Distillery.
  4367 | D:5      | Bought a potion of curing for 36 gold pieces
  4367 | D:5      | Bought a potion of mutation for 96 gold pieces
  4406 | D:5      | Found an ancient bone altar of Kikubaaqudgha.
  4481 | D:5      | Identified the +1 ring mail of the Evening Star {Harm
                  | *Corrode +Blink rN+++}
  4615 | D:5      | Reached skill level 10 in Polearms
  5059 | D:6      | Noticed Grinder
  5112 | D:6      | Killed Grinder
  5113 | D:6      | Reached skill level 11 in Polearms
  5202 | D:6      | Noticed Sigmund
  5212 | D:6      | Killed Sigmund
  5213 | D:6      | Reached skill level 12 in Polearms
  5340 | D:6      | Reached XP level 9. HP: 65/69 MP: 9/9
  5524 | D:6      | Found a shadowy altar of Dithmenos.
  5828 | D:6      | Noticed Edmund
  5842 | D:6      | Killed Edmund
  5843 | D:6      | Reached skill level 13 in Polearms
  6032 | D:7      | Noticed Joseph
  6047 | D:7      | Killed Joseph
  6242 | D:7      | Reached skill level 14 in Polearms
  6242 | D:7      | Reached skill level 5 in Armour
  6261 | D:7      | Reached **** piety under Trog
  6441 | D:7      | Found an opulent altar of Gozag.
  6463 | D:7      | Found a stormy altar of Qazlal.
  6503 | D:7      | Noticed Duvessa
  6529 | D:7      | Noticed Dowan
  6534 | D:7      | Killed Duvessa
  6535 | D:7      | Reached XP level 10. HP: 76/76 MP: 10/10
  6548 | D:7      | Killed Dowan
  6610 | D:7      | Reached skill level 15 in Polearms
  7122 | D:7      | Found a shimmering altar of Xom.
  7182 | D:8      | Reached skill level 1 in Evocations
  7356 | D:8      | Reached skill level 16 in Polearms
  7361 | D:8      | Found a staircase to the Lair.
  7397 | D:8      | Found a hide-covered altar of Uskayaw.
  7437 | D:8      | Found a runed translucent gate.
  7437 | D:8      | Found a runed translucent gate.
  7437 | D:8      | Found a runed translucent gate.
  7611 | D:8      | Found Kaoclo's Serpentskin Sales.
  7626 | D:8      | Bought a ring of poison resistance for 240 gold pieces
  7626 | D:8      | Bought a scroll of poison for 48 gold pieces
  7902 | D:8      | Noticed Palms's ghost (novice AtFi)
  7902 | D:8      | Noticed grumposus's ghost (novice GrEE)
  7903 | D:8      | Noticed cheesebisquit's ghost (novice MiFi)
  7903 | D:8      | Noticed patfeehan111222's ghost (novice MiBe)
  7941 | D:9      | Reached skill level 5 in Evocations
  7954 | D:9      | Reached XP level 11. HP: 81/81 MP: 11/11
  8017 | D:9      | Found a snail-covered altar of Cheibriados.
  8207 | D:9      | Noticed Grum
  8212 | D:9      | Killed Grum
  8381 | D:9      | Reached skill level 1 in Throwing
  8426 | D:9      | Reached skill level 17 in Polearms
  8675 | D:9      | Found a burning altar of Makhleb.
  8676 | D:9      | Noticed an Executioner
  8773 | D:10     | Entered Level 10 of the Dungeon
  8993 | D:10     | Found a white marble altar of Elyvilon.
  8993 | D:10     | Found a glowing silver altar of Zin.
  8994 | D:10     | Found a basalt altar of Yredelemnul.
  9221 | D:10     | Found a broken altar of Ashenzari.
  9267 | D:10     | Reached ***** piety under Trog
  9643 | D:10     | Found Keicos's Wicked Wares.
  9645 | D:10     | Noticed Psyche
  9654 | D:10     | Killed Psyche
  9747 | D:10     | Noticed a cyclops
  9833 | D:10     | Killed a cyclops
  9853 | D:10     | Found a staircase to the Orcish Mines.
  9996 | Lair:1   | Entered Level 1 of the Lair of Beasts
 10376 | Lair:1   | Reached XP level 12. HP: 72/93 MP: 12/12
 10407 | Lair:1   | Reached skill level 18 in Polearms
 10407 | Lair:1   | Reached skill level 5 in Throwing
 11392 | Lair:2   | Found a staircase to the Snake Pit.
 11504 | Lair:2   | Identified the ring of Propriety {rC- AC+4 Str+7}
 11518 | Lair:2   | Noticed an eight-headed hydra
 11529 | Lair:2   | Killed an eight-headed hydra
 11759 | Lair:2   | Identified the +0 scale mail of Uvaickafre {Harm rPois rF+
                  | Str+4}
 11816 | Lair:2   | Noticed a five-headed hydra
 11827 | Lair:2   | Killed a five-headed hydra
 11941 | Lair:2   | Noticed an eight-headed hydra
 11952 | Lair:2   | Killed an eight-headed hydra
 11953 | Lair:2   | Reached skill level 10 in Fighting
 11953 | Lair:2   | Reached skill level 19 in Polearms
 12607 | Lair:3   | Found a staircase to the Swamp.
 12779 | Lair:3   | Reached XP level 13. HP: 94/104 MP: 13/13
 14145 | Lair:4   | Found a radiant altar of Vehumet.
 14277 | Lair:4   | Reached skill level 20 in Polearms
 14532 | Lair:4   | Received a gift from Trog
 15011 | Lair:5   | Entered Level 5 of the Lair of Beasts
 15050 | Lair:5   | Mangled by a cane toad

Illustrated notes

Levels and vault maps discovered:
D:1:      lightli_arrival_boilingwater, layout_rooms, grunt_decor_fettered,
          minmay_misc_feat_tower
D:2:      layout_basic
D:3:      layout_basic, nicolae_ecumenical_oubliette, serial_shops, shop,
          kennysheep_generic_room_16, uniq_jessica, uniq_robin
D:4:      layout_loops_ring, nicolae_hepliaklqana_monster_ancestors
D:5:      layout_cave_pods, mainiacjoe_overflow_six_doors_small,
          lemuel_round_altar, minmay_temple_entry_large_hall, serial_shops,
          nicolae_shop_waterfront
D:6:      layout_loops_ring, nicolae_dithmenos_the_darkroom,
          sigmund_edmund_badplayer, uniq_grinder
D:7:      layout_loops_ring, nicolae_qazlal_general_emergency,
          grunt_gozag_statues, lemuel_coloured_pillars_altar, serial_bayou,
          serial_bayou_shore_b, serial_bayou_pond_b, serial_bayou_pond_d,
          uniq_joseph, uniq_duvessa
D:8:      layout_cave_pools, nicolae_uskayaw_dance_hall,
          minmay_lair_entry_grove, gammafunk_ghost_cemetery,
          hangedman_abyss_or_decor_passed, guppyfry_shop_venom
D:9:      layout_roguey [special_room_orc], makhleb_altar_promises_db,
          cheibriados_altar_1, uniq_grum
D:10:     layout_loops_ring, nicolae_ashenzari_panopticon,
          nicolae_overflow_hidden_temple, erik_orc_1, nicolae_evil_shop,
          uniq_psyche
Temple:   nicolae_temple_bog_church
Lair:1:   layout_regular_city, grunt_megastairs_3
Lair:2:   layout_regular_city, minmay_snake_entry_spellcaster
Lair:3:   layout_loops_ring, minmay_swamp_entry_swarm, minmay_stone_trees_small,
          forest_entry_grove
Lair:4:   layout_cave_pods, basic_altar
Lair:5:   minmay_lair_end_enchanted_forest, layout_loops_ring, slime_entry_2,
          serial_bayou_shore_b, lemuel_fruit_fields

Skill      XL: |  1  2  3  4  5  6  7  8  9 10 11 12 13 |
---------------+----------------------------------------+-----
Polearms       | 5 6 7 8 9 12 14 16 17 19 20 | 20.0
Fighting       | 4 5 6 8 10 11 | 11.8
Armour         | 2 4 5 6 |  6.0
Evocations     | 5 6 |  6.0
Throwing       | 4 7 9 |  9.3
Dodging        | 4 |  4.1

Action                     |  1- 3 |  4- 6 |  7- 9 | 10-12 | 13-15 || total
---------------------------+-------+-------+-------+-------+-------++-------
  Melee: Spear             |   134 |   109 |       |       |       ||   243
         Punch             |     2 |     2 |       |       |       ||     4
         Halberd           |       |   136 |   307 |   845 |   197 ||  1485
         Trident           |       |       |       |    22 |     7 ||    29
         Glaive            |       |       |       |       |    43 ||    43
  Throw: Stone             |     2 |    11 |    16 |    27 |    13 ||    69
 Invoke: Berserk           |     1 |     4 |     7 |     8 |     4 ||    24
         Trog's Hand       |       |     2 |     3 |    10 |       ||    15
         Brothers in Arms  |       |       |       |     2 |       ||     2
    Use: Scroll            |       |       |    17 |     4 |     3 ||    24
         Potion            |       |       |       |     1 |       ||     1
   Stab: Sleeping          |     1 |       |       |       |       ||     1
 Armour: Leather armour    |    18 |    65 |       |       |       ||    83
         Animal skin       |     2 |       |       |       |       ||     2
         Chain mail        |       |     5 |   191 |   141 |       ||   337
         Plate armour      |       |       |       |   165 |    86 ||   251
  Dodge: Dodged            |    50 |    92 |   101 |   286 |    69 ||   598

Table legend: (Time is in decaauts)
 A = Elapsed time spent in this place.
 B = Non-inter-level travel time spent in this place.
 C = Inter-level travel time spent in this place.
 D = Time resting spent in this place.
 E = Time spent auto-exploring this place.
 F = Levels seen in this place.
 G = Mean time per level.
                   A        B        C        D        E       F      G
               +--------+--------+--------+--------+--------+-----+--------+
         Total |  14796 |  14078 |    718 |   1429 |   9798 |  16 |  924.8 |
       Dungeon |   9877 |   9321 |    556 |    930 |   6333 |  10 |  987.7 |
        Temple |     28 |     28 |      0 |     26 |      0 |   1 |   28.0 |
          Lair |   4890 |   4728 |    162 |    471 |   3465 |   5 |  978.0 |
               +--------+--------+--------+--------+--------+-----+--------+

Top non-repeatable levels by time:
     D:3: 1329 daAuts
     D:5: 1306 daAuts
  Lair:4: 1280 daAuts
  Lair:3: 1253 daAuts
     D:6: 1249 daAuts
  Lair:2: 1193 daAuts
     D:7: 1167 daAuts
    D:10: 1145 daAuts
  Lair:1: 1134 daAuts
     D:2: 877 daAuts
     D:9: 832 daAuts
     D:8: 697 daAuts
     D:4: 679 daAuts
     D:1: 591 daAuts
  Lair:5: 29 daAuts
